 Dungeon Crawl Stone Soup version 0.29-a0-222-g5b244fca1f (webtiles) character file.

Game seed: 5148671646205042419

909 Hasart the Bolt Thrower (level 7, -21/60 HPs)
             Began as a Demigod Hunter on Feb 27, 2022.
             Demolished by a cane toad (shapeshifter) (24 damage)
             ... on level 6 of the Dungeon.
             The game lasted 00:11:22 (5760 turns).

Hasart the Bolt Thrower (Demigod Hunter)            Turns: 5760, Time: 00:11:23

Health: -21/60     AC:  5    Str: 13    XL:     7   Next: 51%
Magic:  9/9        EV: 14    Int: 13    God:
Gold:   578        SH:  0    Dex: 22    Spells: 6/6 levels left

rFire   . . .      SeeInvis .   a - +2 hand crossbow (chaos)
rCold   . . .      Faith    .   (no shield)
rNeg    + + .      Spirit   .   b - +1 leather armour
rPois   .          Reflect  .   h - +0 helmet
rElec   .          Harm     .   (no cloak)
rCorr   .          Rampage  .   (no gloves)
Will    .....                   (no boots)
Stlth   +++.......              (no amulet)
HPRegen 0.20/turn               q - ring of positive energy
MPRegen 0.11/turn               r - ring of positive energy

@: no status effects
A: high MP 1, forlorn, divine attributes
a: no special abilities


You were on level 6 of the Dungeon.
You visited 1 branch of the dungeon, and saw 6 of its levels.
You also visited: Ossuary.

You collected 578 gold pieces.

Inventory:

Hand Weapons
 a - a +2 hand crossbow of chaos (weapon)
Armour
 b - a +1 leather armour (worn)
 h - a +0 helmet (worn)
Jewellery
 l - a ring of ice
 q - a ring of positive energy (left hand)
 r - a ring of positive energy (right hand)
Wands
 g - a wand of charming (10)
 s - a wand of iceblast (3)
Scrolls
 c - 2 scrolls of fog {unknown}
 e - 3 scrolls of fear {unknown}
 j - 8 scrolls of identify {unknown}
 m - 2 scrolls of teleportation {unknown}
 o - a scroll of summoning
 x - 2 scrolls of amnesia
Potions
 d - 2 potions of flight {unknown}
 f - 6 potions of heal wounds {unknown}
 k - a potion of cancellation {unknown}
 n - 2 potions of resistance {unknown}
 u - a potion of berserk rage {unknown}
 v - a potion of mutation {unknown}
 w - a potion of haste {unknown}
 z - 2 potions of lignification {unknown}
 A - 2 potions of curing {unknown}
 B - a potion of magic {unknown}
 C - a potion of degeneration {unknown}


   Skills:
 + Level 4.4 Fighting
 + Level 5.4 Crossbows
 + Level 4.3 Dodging
 + Level 4.3 Stealth


You had 6 spell levels left.
You didn't know any spells.
Your spell library contained the following spells:

 Spells                   Type           Power      Damage    Failure   Level
 Animate Skeleton         Necr           0%         N/A       36%         1
 Pain                     Necr           0%         1d4       36%         1
 Call Canine Familiar     Summ           0%         N/A       75%         3
 Ozocubu's Armour         Ice            0%         N/A       75%         3
 Portal Projectile        Hex/Tloc       0%         N/A       75%         3
 Stone Arrow              Conj/Erth      0%         3d7       75%         3
 Vampiric Draining        Necr           0%         2d6       75%         3
 Animate Armour           Summ/Erth      0%         N/A       98%         4
 Leda's Liquefaction      Hex/Erth       0%         N/A       98%         4
 Ozocubu's Refrigeration  Ice            0%         4d5       100%        7
 Lehudib's Crystal Spear  Conj/Erth      0%         10d2      100%        8


Dungeon Overview and Level Annotations

Branches:
Dungeon (6/15)             Temple (0/1) D:6         Ossuary (visited)


Innate Abilities, Weirdness & Mutations

You have an increased reservoir of magic. (+10% MP)
You shall have no god before yourself.
Your divine heritage dramatically boosts your attributes as you level up.


Message History

The elephant is heavily wounded.
The elephant tramples you!
You stumble backwards!
You shoot a bolt. The bolt hits the elephant.
The elephant resists with almost no effort.
The elephant is heavily wounded.
The elephant changes into a guardian serpent!
You shoot a bolt.
The bolt hits the guardian serpent but does no damage.
The guardian serpent is moderately wounded.
The guardian serpent hits you! The guardian serpent barely misses you.
You are too injured to fight recklessly!
You are too injured to fight recklessly!
Shoot: a) +2 hand crossbow (chaos)
Press: ? - help, Q - select action, (/) - cycle Shift-Dir - straight line, f/p - guardian serpent
Aim: a guardian serpent shaped shifter (moderately wounded, 59% to hit)
You shoot a bolt.
The bolt closely misses the guardian serpent.
The guardian serpent changes into a cane toad!
Shoot: a) +2 hand crossbow (chaos)
Press: ? - help, Q - select action, (/) - cycle Shift-Dir - straight line, f/p - cane toad
Aim: a cane toad shaped shifter (73% to hit)
You shoot a bolt. The bolt hits the cane toad!
The cane toad is moderately wounded.
The cane toad misses you.
Shoot: a) +2 hand crossbow (chaos)
Press: ? - help, Q - select action, (/) - cycle Shift-Dir - straight line, f/p - cane toad
Aim: a cane toad shaped shifter (moderately wounded, 73% to hit)
You shoot a bolt. The bolt hits the cane toad!
The cane toad is heavily wounded.
The cane toad barely misses you. The cane toad stings you!
* * * LOW HITPOINT WARNING * * *
Shoot: a) +2 hand crossbow (chaos)
Press: ? - help, Q - select action, (/) - cycle Shift-Dir - straight line, f/p - cane toad
Aim: a cane toad shaped shifter (heavily wounded, 73% to hit)
You shoot a bolt. The bolt hits the cane toad.
The bolt burns the cane toad.
The cane toad is severely wounded.
The cane toad stings you.
* * * LOW HITPOINT WARNING * * *
The cane toad stings you!!
You die...

#########.##.....
........##....#
..............#
.#########....#
......'.....
#############....#
#.............>...
#.################
#@# #F# #.# #.#
#.# #.......#
#####.### #. #


You could see a cane toad shaped shifter.

Vanquished Creatures
  Edmund (D:4)
  A black bear (D:6)
  3 ogres
  A scorpion (D:5)
  A howler monkey (D:4)
  An orc priest (D:5)
  An iguana (D:4)
  8 mummies (Ossuary)
  9 adders
  2 ufetubi
  A worm (D:2)
  3 dart slugs
  6 orcs
  7 endoplasms
  3 giant cockroaches
  4 goblins
  11 hobgoblins
  10 jackals
  10 kobolds
  6 quokkas
  10 ball pythons
  5 bats
  9 frilled lizards
  2 gnoll zombies (Ossuary)
  4 hobgoblin zombies (Ossuary)
  A kobold zombie (Ossuary)
  An orc zombie (Ossuary)
  7 rats
128 creatures vanquished.

Vanquished Creatures (others)
  13 plants (D:4)
  3 withered plants (D:5)
16 creatures vanquished.

Grand Total: 144 creatures vanquished

Notes
Turn   | Place    | Note
-------+----------+-------------------------------------------
     0 | D:1      | Hasart the Demigod Hunter began the quest for the Orb.
     0 | D:1      | Reached XP level 1. HP: 17/17 MP: 3/3
    30 | D:1      | Reached skill level 1 in Stealth
   109 | D:1      | Reached XP level 2. HP: 23/24 MP: 4/4
   575 | D:2      | Reached XP level 3. HP: 29/29 MP: 5/5
   887 | D:2      | Reached skill level 4 in Crossbows
  1663 | D:3      | Noticed an ogre
  1679 | D:3      | Killed an ogre
  1680 | D:3      | Reached XP level 4. HP: 26/37 MP: 6/6
  1715 | D:3      | Reached XP level 5. HP: 36/44 MP: 7/7
  2706 | D:4      | Found a sand-covered staircase.
  2706 | D:4      | Noticed Edmund
  2716 | D:4      | Killed Edmund
  2717 | D:4      | Reached XP level 6. HP: 26/51 MP: 8/8
  2726 | Ossuary  | Entered an ossuary
  3919 | D:5      | Entered Level 5 of the Dungeon
  4162 | D:5      | Reached skill level 5 in Crossbows
  4231 | D:5      | Reached XP level 7. HP: 31/59 MP: 9/9
  5444 | D:6      | Found a staircase to the Ecumenical Temple.
  5747 | D:6      | Noticed a shapeshifter
  5747 | D:6      | an ice beast changed into a shapeshifter
  5747 | D:6      | Noticed a jumping spider
  5747 | D:6      | a shapeshifter changed into a jumping spider
  5751 | D:6      | Noticed an elephant
  5751 | D:6      | a jumping spider changed into an elephant
  5754 | D:6      | Noticed a guardian serpent
  5754 | D:6      | an elephant changed into a guardian serpent
  5756 | D:6      | Noticed a cane toad
  5756 | D:6      | a guardian serpent changed into a cane toad
  5760 | D:6      | HP: 3/60 [cane toad (shapeshifter) (3)]
  5760 | D:6      | Demolished by a cane toad (shapeshifter)

Illustrated notes

Levels and vault maps discovered:
D:1:      erik_arrival_cave_to_civilisation [erik_arrival_cave_to_hall],
          layout_rooms, minmay_pentomino_w2
D:2:      layout_rooms, basic_altar, ebering_ecumenical_altar_webs
D:3:      layout_basic, gammafunk_temple_overflow_claw
D:4:      layout_basic, mainiacjoe_overflow_cross_hatched, enter_ossuary_5,
          uniq_edmund
D:5:      layout_cave_pods, kiku_gazebo_garden_becter, kennysheep_diamond
D:6:      layout_basic, mainiacjoe_overflow_chevrons,
          minmay_temple_entry_nine_rooms, kennysheep_generic_room_4

Skill      XL: |  1  2  3  4  5  6  7 |
---------------+----------------------+-----
Stealth        | 1 2 3 4 |  4.3
Fighting       | 2 3 4 |  4.4
Dodging        | 2 3 4 |  4.3
Crossbows      | 4 5 |  5.4

Action                   |  1- 3 |  4- 6 |  7- 9 || total
-------------------------+-------+-------+-------++-------
 Fire: Hand crossbow     |   158 |   180 |    40 ||   378
Evoke: Wand              |       |     1 |       ||     1
  Use: Scroll            |       |     8 |     1 ||     9
Armor: Leather armour    |    19 |     3 |       ||    22
Dodge: Dodged            |    51 |    14 |    13 ||    78

Table legend: (Time is in decaauts)
 A = Elapsed time spent in this place.
 B = Non-inter-level travel time spent in this place.
 C = Inter-level travel time spent in this place.
 D = Time resting spent in this place.
 E = Time spent auto-exploring this place.
 F = Levels seen in this place.
 G = Mean time per level.
                   A        B        C        D        E       F      G
               +--------+--------+--------+--------+--------+-----+--------+
         Total |   5882 |   5762 |    120 |    342 |   4596 |   7 |  840.3 |
       Dungeon |   5292 |   5172 |    120 |    245 |   4249 |   6 |  882.0 |
       Ossuary |    589 |    589 |      0 |     97 |    347 |   1 |  589.0 |
               +--------+--------+--------+--------+--------+-----+--------+

Top non-repeatable levels by time:
     D:3: 1298 daAuts
     D:5: 1194 daAuts
     D:4: 883 daAuts
     D:1: 697 daAuts
     D:6: 663 daAuts
 Ossuary: 589 daAuts
     D:2: 554 daAuts
